 Dungeon Crawl Stone Soup version 0.29.1-14-g9c671dbff4 (webtiles) character file.

Game seed: 14767657023756490778

4 Wobber the Scratcher (level 1, -1/9 HPs)
             Began as a Felid Transmuter on Feb 12, 2023.
             Slain by a quokka (5 damage)
             ... on level 1 of the Dungeon.
             The game lasted 00:01:13 (207 turns).

Wobber the Scratcher (Felid Transmuter)              Turns: 207, Time: 00:01:14

Health: -1/9       AC:  1    Str:  6    XL:     1   Next: 58%
Magic:  3/4        EV: 17    Int: 14    God:
Gold:   0          SH:  0    Dex: 16    Spells: 3/4 levels left
                                        Lives:  0   Deaths: 0

rFire   . . .      SeeInvis +     - Unarmed
rCold   . . .      Faith    .   (shield unavailable)
rNeg    . . .      Spirit   .   (body armour unavailable)
rPois   .          Reflect  .   (helmet unavailable)
rElec   .          Harm     .   (cloak unavailable)
rCorr   .          Rampage  .   (gloves unavailable)
Will    .....                   (boots unavailable)
Stlth   ++........              (no amulet)
HPRegen 0.03/turn               (no ring)
MPRegen 0.09/turn               (no ring)

@: appendages, quick
A: horns 2, very small, claws 1, fangs 3, see invisible, speed 1, shaggy fur 1,
stealthy paws, no weapons or thrown items, no armour, multi-lived
a: End Transformation


You were on level 1 of the Dungeon.
You had temporarily grown beastly horns.
You visited 1 branch of the dungeon, and saw 1 of its levels.

Inventory:

Scrolls
 b - a scroll of enchant weapon {unknown}
Potions
 a - a potion of lignification


   Skills:
 * Level 1.1 Fighting
 + Level 2.8 Dodging
 + Level 0.6 Stealth
 - Level 3.0 Unarmed Combat
 * Level 2.0 Spellcasting
 * Level 2.3 Transmutations


You had 3 spell levels left.
You knew the following spells:

 Your Spells              Type           Power      Damage    Failure   Level
a - Beastly Appendage     Tmut           14%        N/A       10%         1

Your spell library contained the following spells:

 Spells                   Type           Power      Damage    Failure   Level
 Wereblood                Tmut           7%         N/A       14%         2
 Spider Form              Tmut/Pois      4%         N/A       41%         3
 Ice Form                 Ice/Tmut       4%         N/A       82%         4


Dungeon Overview and Level Annotations

Branches:
Dungeon (1/15)

Altars:


Innate Abilities, Weirdness & Mutations

You have temporarily grown beastly horns.
You have sharp claws.
You have razor-sharp teeth.
You have supernaturally acute eyesight. (SInv)
You cover ground quickly. (Speed+)
You are covered in fur. (AC +1)
Your paws help you pounce on unaware monsters.
You are incapable of wielding weapons or throwing items.
You cannot wear armour.
You gain extra lives every three experience levels.


Message History

You scratch the endoplasm.
The endoplasm is severely wounded.
The endoplasm barely misses you.
You scratch the endoplasm but do no damage.
The endoplasm is severely wounded.
Your transformation is almost over.
The endoplasm freezes you.
You are frozen.
You scratch the endoplasm but do no damage.
The endoplasm is severely wounded.
The endoplasm freezes you.
You are frozen.
The kobold throws a stone.
The stone closely misses you. The endoplasm closely misses you.
The kobold throws a stone.
The stone hits you but does no damage.
You scratch the endoplasm but do no damage.
You headbutt the endoplasm.
You kill the endoplasm!
You scratch the kobold.
The kobold is severely wounded.
The kobold barely misses you.
You scratch the kobold.
You kill the kobold!
You start resting.
Your horns disappear.
HP restored.
Things that are here:
a +0 whip; 5 stones
Found 7 stones.
Found a stone staircase leading down.
You see here 7 stones.
A quokka comes into view.
You grow a pair of large bovine horns.
The quokka twitches its whiskers.
The quokka closely misses you.
You closely miss the quokka. The quokka completely misses you.
You barely miss the quokka. The quokka bites you.
You scratch the quokka but do no damage.
Your headbutt misses the quokka. The quokka bites you. x2
Ouch! That really hurt!
You die...

###########
#.........####
#............#
#..........#.#
#...r@.......##
##########....#
#.#.### #.....#
#...#.####
#........#
##(#.#####
########.#.#
+.........>#


You could see a quokka.

Vanquished Creatures
  An endoplasm (D:1)
  A quokka (D:1)
  2 kobolds (D:1)
  A rat (D:1)
5 creatures vanquished.

Notes
Turn   | Place    | Note
-------+----------+-------------------------------------------
     0 | D:1      | Wobber the Felid Transmuter began the quest for the Orb.
     0 | D:1      | Reached XP level 1. HP: 9/9 MP: 4/4
   207 | D:1      | Slain by a quokka

Illustrated notes

Levels and vault maps discovered:
D:1:      amcnicky_arrival_blooded_trapdoor, layout_basic

Action                   || total
-------------------------++-------
Melee: Unarmed           ||    14
       Headbutt          ||     1
       Punch             ||     1
 Cast: Beastly Appendage ||     3
Armor: Skin              ||     2
Dodge: Dodged            ||    11
